 Dungeon Crawl Stone Soup version 0.31.0-12-g77e489cdc1 (webtiles) character file.

Game seed: 12691645705082332119

49 Cheops the Changeling (level 3, -1/23 HPs)
             Began as an Octopode Shapeshifter on Mar 6, 2024.
             Slain by a gnoll
             ... wielding a +0 spear
              (3 damage)
             ... on level 2 of the Dungeon on Mar 7, 2024.
             The game lasted 00:03:38 (1081 turns).

Cheops the Changeling (Octopode Shapeshifter)       Turns: 1081, Time: 00:03:39

Health: -1/23      AC:  1    Str: 15    XL:     3   Next: 77%
Magic:  3/3        EV: 13    Int: 12    God:
Gold:   153        SH:  0    Dex: 11    Spells: 2/2 levels left

rFire   . .          .
                       - Unarmed
rCold   . . .        (no shield)
rNeg    . . .        (helmet currently unavailable)
rPois   .            (no amulet)
rElec   .            (no ring)
rCorr   .            (no ring)
SInv    .            (no ring)
Will    .....        (no ring)
Stlth   ++           (no ring)
HPRegen 0.23/turn    (no ring)
MPRegen 0.08/turn    (no ring)
                     (no ring)

%: no passive effects
@: beast-form
A: beast (slay +2), almost no armour, amphibious, 8 rings, camouflage 1,
gelatinous body 1, (nimble swimmer 1), tentacles
a: Begin Untransformation


You were on level 2 of the Dungeon.
You were a hulking beast.
You visited 1 branch of the dungeon, and saw 2 of its levels.

You collected 153 gold pieces.

Inventory:

Missiles
 h - a throwing net (quivered)
Talismans
 b - a beast talisman (active)
 c - a flux talisman
Wands
 l - a wand of light (3)
Scrolls
 d - 4 scrolls of identify {unknown}
 e - 2 scrolls of enchant armour {unknown}
 g - a scroll of enchant weapon {unknown}
 i - a scroll of teleportation {unknown}
 j - a scroll of revelation {unknown}
 m - a scroll of immolation {unknown}
Potions
 a - a potion of lignification
 f - a potion of might {unknown}
 k - a potion of degeneration {unknown}


   Skills:
 - Level 1.0 Fighting
 - Level 2.0 Dodging
 - Level 3.0 Unarmed Combat
 + Level 4.4 Shapeshifting


You had 2 spell levels left.
You didn't know any spells.
Your spell library contained the following spells:

 Spells                   Type           Power      Damage    Failure   Level
 Necrotise                Necr           0%         1d4       32%         1
 Lesser Beckoning         Tloc           0%         N/A       45%         2
 Gell's Gravitas          Tloc           0%         N/A       69%         3
 Teleport Other           Tloc           0%         N/A       69%         3
 Vampiric Draining        Necr           0%         2d6       69%         3
 Martyr's Knell           Necr/Summ      0%         N/A       97%         4
 Curse of Agony           Necr           0%         N/A       100%        5


Dungeon Overview and Level Annotations

Branches:
Dungeon (2/15)

Altars:

Annotations:
D:2 Terence


Innate Abilities, Weirdness & Mutations

You are a hulking beast.
Your limbs bulge with bestial killing power. (Slay +2)
You cannot wear most types of armour.
You are amphibious.
You can wear up to eight rings at the same time.
Your skin changes colour to match your surroundings (Stealth+).
Your rubbery body absorbs attacks. (AC +1, EV +1)
((You are camouflaged when in or above water. (Stealth+)))
You have tentacles for arms and can constrict up to eight enemies at once.


Message History

Found a flux talisman.
d - 4 scrolls labelled CESSAPSEUC (gained 1)
A gnoll is nearby!
A gnoll is nearby!
A gnoll is nearby!
A gnoll is nearby!
You swing at nothing.
You swing at nothing.
The gnoll shouts!
You swing at nothing.
You barely miss the gnoll. You grab the gnoll. You constrict the gnoll.
The gnoll closely misses you.
The gnoll shouts!
You tentacle-slap the gnoll but do no damage.
The gnoll is lightly wounded.
You constrict the gnoll. The gnoll hits you with a +0 flail!
You tentacle-slap the gnoll but do no damage.
The gnoll is moderately wounded.
You constrict the gnoll. The gnoll barely misses you.
You tentacle-slap the gnoll but do no damage.
The gnoll is moderately wounded.
You constrict the gnoll. The gnoll misses you.
The gnoll hits you with a +0 flail!
* * * LOW HITPOINT WARNING * * *
Unknown command.
Unknown command.
You barely miss the gnoll. You tentacle-slap the gnoll. You squeeze the gnoll.
You kill the gnoll!
The gnoll closely misses you.
Terence the Incautious comes into view.
He is wielding a +0 flail.
Unknown command.
The gnoll attacks as it pursues you! The gnoll completely misses you.
The gnoll attacks as it pursues you!
The gnoll hits you from afar with a +0 spear.
* * * LOW HITPOINT WARNING * * *
Unknown command.
Unknown command.
The gnoll attacks as it pursues you!
The gnoll hits you from afar with a +0 spear.
You die...

###### ..# ##..# ..... #.#
#..### .... #)# #.##. . ...#
#.## #####.##.# # ...## #.g#
######........# ..[.###
##.###......###.#.#### ..gg..#.
#.g##....####..#..... <.g##.#.
###..#.%.#####.##..### #### ..
..###.h.##..)^.....## ..# #.#
###....####.##.# #.# #.# ##..##
#.##.#### #. #.# ##.##
##.##..... .. #.###.#
####...###.........
##..##..##>###....#..>..##......
#.........<[.........#..##......
..##.##.##....#####....###......
##.##.#......# ##...# #......


You could see 2 gnolls.

Vanquished Creatures
  A gnoll (D:2)
  A dart slug (D:1)
  4 endoplasms
  2 giant cockroaches (D:1)
  2 hobgoblins (D:2)
  4 jackals (D:1)
  2 quokkas
  3 ball pythons
  4 bats
  A frilled lizard (D:1)
  5 goblins (D:1)
  4 kobolds (D:1)
  A rat (D:1)
34 creatures vanquished.

Notes
Turn   | Place    | Note
-------+----------+-------------------------------------------
     0 | D:1      | Cheops the Octopode Shapeshifter began the quest for the
                  | Orb.
     0 | D:1      | Reached XP level 1. HP: 13/13 MP: 1/1
   193 | D:1      | Reached XP level 2. HP: 18/18 MP: 2/2
   416 | D:1      | Reached XP level 3. HP: 23/23 MP: 3/3
   430 | D:1      | Reached skill level 4 in Shapeshifting
  1076 | D:2      | Noticed Terence
  1079 | D:2      | HP: 1/23 [gnoll/+0 spear (6)]
  1081 | D:2      | Slain by a gnoll

Illustrated notes

Levels and vault maps discovered:
D:1:      lightli_arrival_quake, layout_basic, corexii_item_surrounded_by_moat
D:2:      layout_rooms, basic_ecumenical_altar, uniq_terence

Skill      XL: |  1  2  3 |
---------------+----------+-----
Shapeshifting  | 4 |  4.4
Fighting       | |  1.0
Dodging        | |  2.0
Unarmed Combat | |  3.0

Action                     || total
---------------------------++-------
  Melee: Unarmed           ||    58
         Constrict         ||    13
         Tentacles         ||    10
         Punch             ||     2
Ability: Begin Untransform ||     1
   Stab: Sleeping          ||     5
 Armour: Skin              ||    23
  Dodge: Dodged            ||    34
   Form: Beast             ||     1
